 Dungeon Crawl Stone Soup version 0.23.1-37-gaa34b87 (console) character file.

Game seed: 9531066186978414373

4983 fly the Quickloader (level 10, -1/77 HPs)
             Began as a Centaur Arcane Marksman on Mar 23, 2019.
             Was a Believer of Okawaru.
             Slain by an orc warrior
             ... wielding a +0 trident
              (15 damage)
             ... on level 8 of the Dungeon.
             The game lasted 00:25:09 (11168 turns).

fly the Quickloader (Centaur Arcane Marksman)      Turns: 11168, Time: 00:25:09

Health: -1/77      AC:  9    Str: 13    XL:     10   Next: 29%
Magic:  6/6        EV: 11    Int: 17    God:    Okawaru [**....]
Gold:   657        SH:  0    Dex: 12    Spells: 10/21 levels left

rFire    . . .     SeeInvis .   a - +7 dagger {antimagic, +Fly Str-3 Int+5}
rCold    . . .     Gourm    .   (no shield)
rNeg     + . .     Faith    .   H - +1 ring mail {rPois}
rPois    +         Spirit   .   e - +0 helmet
rElec    .         Reflect  .   (no cloak)
rCorr    .         Harm     .   r - +0 pair of gloves
MR       .....                  (no barding)
Stlth    ..........             (no amulet)
HPRegen  0.22/turn              q - +2 ring of strength
MPRegen  0.10/turn              J - ring of positive energy

@: very quick
A: large, hooves 3, deformed body, speed 2, tough skin 3
a: Heroism, Renounce Religion, Evoke Flight


You were on level 8 of the Dungeon.
You worshipped Okawaru.
Okawaru was pleased with you.
You were hungry.

You visited 2 branches of the dungeon, and saw 9 of its levels.
You also visited: Ossuary.

You collected 657 gold pieces.

Inventory:

Hand Weapons
 a - the +7 dagger of the Modern Ghosts (weapon) {antimagic, +Fly Str-3 Int+5}
   (You found it on level 8 of the Dungeon)

   It reduces the magical energy of the wielder, and disrupts the spells and
   magical abilities of those hit.
   Natural abilities and divine invocations are not affected.
   It affects your strength (-3).
   It affects your intelligence (+5).
   It lets you fly.
 b - a +0 hand crossbow
Armour
 e - a +0 helmet (worn)
 r - a +0 pair of gloves (worn)
 y - a +2 robe of magic resistance
 H - a +1 ring mail of poison resistance (worn)
Magical Staves
 F - an uncursed staff of air
 N - an uncursed staff of wizardry
Jewellery
 q - a +2 ring of strength (left hand)
 J - a ring of positive energy (right hand)
Wands
 k - a wand of digging (5)
 E - a wand of clouds (1)
 M - a wand of random effects (10)
Scrolls
 c - 7 scrolls of remove curse
 g - 4 scrolls of enchant armour
 h - 4 scrolls of enchant weapon
 i - 4 scrolls of teleportation {unknown}
 j - a scroll of noise {unknown}
 p - 2 scrolls of blinking {unknown}
 v - a scroll of random uselessness {unknown}
 A - 2 scrolls of magic mapping {unknown}
 C - 5 scrolls of fog {unknown}
Potions
 d - 4 potions of flight
 l - a potion of might
 n - a potion of mutation
 o - 2 potions of haste
 s - 2 potions of berserk rage {unknown}
 t - 2 potions of degeneration {unknown}
 u - a potion of brilliance {unknown}
 w - a potion of magic {unknown}
 x - a potion of curing
 B - 5 potions of agility
 D - 2 potions of invisibility {unknown}
 G - a potion of cancellation {unknown}
 O - a potion of resistance {unknown}
Miscellaneous
 K - a box of beasts
 L - a phial of floods
Comestibles
 f - 15 rations


   Skills:
 - Level 3.0 Fighting
 - Level 9.0 Crossbows
 + Level 4.2 Armour
 - Level 6.1 Dodging
 - Level 6.0 Spellcasting
 - Level 3.4 Hexes


You had 10 spell levels left.
You knew the following spells:

 Your Spells              Type           Power        Failure   Level  Hunger
f - Cause Fear            Hex            ###.......   54%         4    ####...
n - Inner Flame           Hex/Fire       ##......     36%         3    ##.....
t - Portal Projectile     Hex/Tloc       ##....       36%         3    ##.....
z - Corona                Hex            ###....      6%          1    None

Your spell library contained the following spells:

 Spells                   Type           Power        Failure   Level  Hunger
 Slow                     Hex            ###.....     10%         2    None
 Beastly Appendage        Tmut           #.....       26%         1    None
 Corpse Rot               Necr           N/A          36%         2    None
 Sticks to Snakes         Tmut           #.......     36%         2    None
 Sublimation of Blood     Necr           #.........   36%         2    None
 Spider Form              Tmut/Pois      #.........   61%         3    ##.....
 Leda's Liquefaction      Hex/Erth       ##........   78%         4    ####...
 Ice Form                 Ice/Tmut       #.......     95%         4    ####...
 Agony                    Necr           #.......     100%        5    #####..
 Blade Hands              Tmut           #.........   100%        5    #####..
 Bolt of Draining         Conj/Necr      #.........   100%        5    #####..
 Dispel Undead            Necr           #.......     100%        5    #####..
 Excruciating Wounds      Chrm/Necr      #.........   100%        5    #####..


Dungeon Overview and Level Annotations

Branches:
Dungeon (8/15)             Temple (1/1) D:7
   Lair: D:8-11

Altars:
Ashenzari
Cheibriados
Dithmenos
Elyvilon
Fedhas
Gozag
Hepliaklqana
Kikubaaqudgha
Makhleb
Nemelex Xobeh
Okawaru
Qazlal
Ru
Sif Muna
Trog
Uskayaw
Vehumet
Wu Jian
Xom
Yredelemnul
Zin
The Shining One

Annotations:
D:4 1 runed translucent door
D:8 Pikel


Innate Abilities, Weirdness & Mutations

You have hooves in place of feet.
Armour fits poorly on your strangely shaped body.
You cover ground very quickly.
You have extremely tough skin. (AC +3)


Message History

The orc warrior hits you from afar with a +0 trident!
You barely miss the wolf.
The wolf is heavily wounded.
The wolf bites you! The wolf bites you but does no damage.
The orc warrior hits you from afar with a +0 trident!
You miss the wolf.
The wolf is heavily wounded.
The wolf bites you but does no damage. The wolf bites you!
* * * LOW HITPOINT WARNING * * *
The orc warrior hits you from afar with a +0 trident.
* * * LOW HITPOINT WARNING * * *
You closely miss the wolf. You kick the wolf.
The wolf is severely wounded.
The wolf closely misses you. The wolf completely misses you.
You miss the wolf.
The wolf is severely wounded.
The wolf bites you.
* * * LOW HITPOINT WARNING * * *
The orc warrior hits you from afar with a +0 trident!
You die...

...#.....##..>)...##
................#..#
..............#### ##
..h...........##### #. #
...##≈...........#.#. ..##
.........##......##.# ...#
#........##.o..#.##.###..###
#......<.(...h.#...........##
......)...####@.............#
..........####.......(.....#
.......<...##..............#
###....#....................#
......####..................#
.............###...........#### .
....# .......# #...........##.#..
....###......# #...........#.....
..<.....[.........##.......<.....


You could see an orc warrior and a wolf.

Vanquished Creatures
  A two-headed ogre (D:7)
  Joseph (D:7)
  2 hippogriffs (D:7)
  Grum (D:7)
  2 slaves (D:7)
  A black bear (D:7)
  An orc warrior (D:7)
  2 sky beasts (D:6)
  2 ice beasts (D:7)
  A necrophage (D:6)
  3 ogres
  A phantom (D:6)
  3 wolves (D:7)
  A centaur (D:7)
  5 bullfrogs
  A gnoll sergeant (D:7)
  2 wyvern zombies
  A wyvern skeleton (D:6)
  2 scorpions
  4 killer bees
  2 howler monkeys (D:7)
  A crimson imp (D:6)
  A centaur zombie (D:7)
  A bullfrog zombie (D:6)
  3 hounds
  A jelly (D:6)
  3 orc wizards
  3 orc priests
  A gnoll shaman (D:7)
  A centaur skeleton (D:4)
  6 iguanas
  6 worker ants
  A big kobold zombie (Ossuary)
  2 hound zombies
  9 mummies
  Robin (D:2)
  16 gnolls
  13 adders
  2 shadow imps
  3 oozes
  An adder zombie (D:5)
  2 adder skeletons (D:7)
  3 worms
  2 dart slugs
  5 leopard geckos
  20 orcs
  A ball python (D:4)
  9 giant cockroaches
  14 goblins
  4 hobgoblins
  9 jackals
  3 quokkas
  8 bats
  4 frilled lizards
  2 gnoll zombies (Ossuary)
  2 hobgoblin zombies (Ossuary)
  6 kobolds
  A kobold zombie (Ossuary)
  A leopard gecko zombie (D:6)
  2 orc zombies (Ossuary)
  A quokka skeleton (D:6)
  10 rats
223 creatures vanquished.

Vanquished Creatures (others)
  A bullfrog skeleton (D:5)
  An orc wizard (D:8)
  A hound zombie (D:5)
  A worker ant zombie (D:5)
  A worm (D:5)
5 creatures vanquished.

Grand Total: 228 creatures vanquished

Notes
Turn   | Place    | Note
-------+----------+-------------------------------------------
     0 | D:1      | fly the Centaur Arcane Marksman began the quest for the
                  | Orb.
     0 | D:1      | Reached XP level 1. HP: 16/16 MP: 2/2
   119 | D:1      | Reached skill level 3 in Crossbows
   139 | D:1      | Reached XP level 2. HP: 16/23 MP: 3/3
   413 | D:1      | Reached XP level 3. HP: 28/28 MP: 4/4
   651 | D:2      | Reached skill level 4 in Crossbows
  1000 | D:2      | Reached XP level 4. HP: 35/35 MP: 5/5
  1038 | D:2      | Noticed Robin
  1160 | D:2      | Reached skill level 5 in Crossbows
  1317 | D:2      | Killed Robin
  1613 | D:2      | Reached XP level 5. HP: 40/40 MP: 6/6
  1640 | D:2      | Found a sacrificial altar of Ru.
  2693 | D:3      | Reached XP level 6. HP: 45/50 MP: 7/7
  3647 | D:4      | Reached skill level 6 in Crossbows
  3892 | D:4      | Found a glowing silver altar of Zin.
  3892 | D:4      | Noticed an angel
  3893 | D:4      | Found a runed translucent door.
  4075 | D:4      | Reached XP level 7. HP: 42/57 MP: 8/8
  4231 | D:5      | Entered Level 5 of the Dungeon
  4350 | D:5      | Reached skill level 7 in Crossbows
  4504 | D:5      | Found a sand-covered staircase.
  4545 | Ossuary  | Entered an ossuary
  4675 | Ossuary  | Reached skill level 8 in Crossbows
  5342 | D:6      | Reached skill level 9 in Crossbows
  5342 | D:6      | Reached XP level 8. HP: 36/63 MP: 9/9
  5785 | D:6      | Learned a level 3 spell: Inner Flame
  5789 | D:6      | Learned a level 3 spell: Portal Projectile
  5918 | D:6      | Found a bloodstained altar of Trog.
  6353 | D:7      | Found a staircase to the Ecumenical Temple.
  6363 | D:7      | Reached skill level 5 in Spellcasting
  6385 | D:7      | Reached XP level 9. HP: 15/69 MP: 16/16
  6618 | D:7      | Noticed Joseph
  6842 | Temple   | Entered the Ecumenical Temple
  6921 | Temple   | Became a worshipper of Warmaster Okawaru
  7044 | D:7      | Killed Joseph
  7481 | D:7      | Reached * piety under Okawaru
  7584 | D:6      | HP: 2/69 [killer bee (2)]
  7603 | D:6      | Reached skill level 5 in Dodging
  8006 | D:7      | Found a runed translucent door.
  8006 | D:7      | Found a runed translucent door.
  8597 | D:7      | Identified the cursed +1 hunting sling "Eguoti Teodgh"
                  | {velocity, Str+7 Stlth-}
  8633 | D:7      | Reached ** piety under Okawaru
  8797 | D:7      | Learned a level 4 spell: Cause Fear
  8816 | D:7      | Found a burning altar of Makhleb.
  8828 | D:7      | Noticed a two-headed ogre
  8867 | D:7      | Reached skill level 1 in Armour
  8872 | D:7      | Killed a two-headed ogre
  8872 | D:7      | Reached XP level 10. HP: 15/77 MP: 19/19
  9945 | D:8      | Noticed Grum
 10073 | D:8      | Noticed Pikel
 10301 | D:8      | Got an encrusted dagger
 10473 | D:7      | Identified the +7 dagger of the Modern Ghosts {antimagic,
                  | +Fly Str-3 Int+5} (You found it on level 8 of the Dungeon)
 10801 | D:7      | Killed Grum
 11168 | D:8      | Slain by an orc warrior

Skill      XL: |  1  2  3  4  5  6  7  8  9 10 |
---------------+-------------------------------+-----
Crossbows      | 3 4 5 6 9 |  9.0
Fighting       | 2 3 |  3.0
Dodging        | 2 3 6 |  6.1
Hexes          | 3 |  3.4
Spellcasting   | 5 6 |  6.0
Armour         | 3 4 |  4.2

Action                   |  1- 3 |  4- 6 |  7- 9 | 10-12 || total
-------------------------+-------+-------+-------+-------++-------
Melee: Unarmed           |       |    15 |       |       ||    15
       Short sword       |       |    78 |   319 |    39 ||   436
       Kick              |       |    15 |    70 |    16 ||   101
       Dagger            |       |       |       |    33 ||    33
 Fire: Hand crossbow     |   116 |   121 |    98 |     7 ||   342
Evoke: Wand              |       |       |     3 |     3 ||     6
  Use: Scroll            |       |       |    13 |     1 ||    14
       Potion            |       |       |     4 |     4 ||     8
  Eat: Chunk             |       |     7 |    14 |     5 ||    26
Armor: Robe              |    20 |    21 |   115 |       ||   156
       Skin              |       |    10 |       |       ||    10
       Ring mail         |       |       |    13 |    51 ||    64
Dodge: Dodged            |    25 |    44 |   189 |    76 ||   334
